Map: King's Cove LE

Players

David (iPlayDefense) - Winner!

  • Race: Terran Terran
  • Spawn Location: 5:00

VOD

Have the link to the VOD?

Description

Time

  • Played on: April 10, 2025, 3:57 p.m.
  • Length: 23:27
Show
View Real Time Build Order
Export as new Build Order

David Terran - Winner!

Build Orders:  

Get SALT Encoding   

  12  0:01  SCV  
  13  0:21  Supply Depot  
  13  0:31  SCV  
  14  0:53  Refinery  
  14  0:57  Barracks  
  14  0:58  SCV  
  15  1:15  SCV  
  16  2:07  Barracks Reactor  
  16  2:10  SCV  
  16  2:14  Command Center  
  17  2:28  Orbital Command  
  17  2:51  Barracks  
  17  3:07  SCV  
  18  3:24  SCV  
  19  3:34  Marine x2  
  21  3:41  SCV  
  22  3:58  SCV  
  22  3:59  Barracks Tech Lab, Marine x2  
  25  4:02  Barracks  
  25  4:19  SCV  
  27  4:20  SCV  
  27  4:31  Supply Depot  
  27  4:36  SCV x2  
  29  4:53  SCV x2  
  29  4:56  Unknown  
  31  5:08  Factory  
  31  5:09  Barracks Tech Lab  
  31  5:10  SCV x2, Stimpack  
  33  5:26  Engineering Bay  
  33  5:27  SCV x2, Marine x2  
  37  5:43  SCV  
  37  5:44  SCV  
  39  5:52  Marine x2  
  41  6:00  SCV  
  41  6:01  SCV  
  43  6:17  SCV  
  43  6:18  SCV  
  43  6:19  Marine  
  46  6:26  Factory Tech Lab  
  46  6:33  Supply Depot  
  46  6:37  Armory  
  46  7:03  Marine x2, Marauder x2  
  52  7:14  Refinery  
  52  7:17  SCV  
  53  7:28  Marine  
  54  7:55  Refinery  
  54  8:03  Supply Depot  
  54  8:27  Refinery  
  54  8:33  SCV x2, Marine x2, Marauder x2  
  54  8:35  Supply Depot  
  62  9:05  SCV x2, Marine, Marauder, Siege Tank  
  70  9:21  Supply Depot  
  70  9:31  Supply Depot  
  70  9:47  Concussive Shells  
  70  9:49  Terran Infantry Weapons Level 1  
  70  9:51  SCV x2, Marine x2, Marauder  
  70  9:55  Supply Depot  
  76  10:01  Siege Tank  
  76  10:02  Supply Depot  
  76  10:08  SCV  
  80  10:16  Marine x2  
  81  10:25  SCV  
  80  10:41  Marine x2  
  80  10:45  Starport  
  80  10:46  Supply Depot  
  82  10:58  Marauder  
  82  10:59  Marauder  
  86  11:06  Marine x2  
  88  11:11  Thor  
  88  11:16  Supply Depot  
  94  11:28  Marauder  
  94  11:29  Marauder  
  98  11:31  Marine x2  
  100  11:50  Medivac  
  100  11:56  Marine x2  
  100  11:58  Supply Depot, Marauder  
  100  11:59  Marauder  
  108  12:11  Thor  
  114  12:20  Supply Depot  
  114  12:23  Terran Vehicle Weapons Level 1  
  114  12:26  Marine  
  114  12:27  Marine  
  114  12:28  Marauder  
  114  12:29  Marauder, Terran Infantry Armor Level 1  
  120  12:32  Medivac  
  120  12:33  Supply Depot  
  122  12:51  Marine  
  122  12:52  Supply Depot, Marine  
  122  12:58  Marauder  
  122  12:59  Marauder  
  128  13:11  Siege Tank  
  128  13:16  Marine  
  128  13:17  Marine  
  128  13:19  Viking  
  135  13:26  Missile Turret  
  135  13:37  Missile Turret  
  135  13:41  Marine x2  
  137  13:52  Orbital Command  
  137  13:54  Missile Turret  
  137  14:01  Viking  
  137  14:02  Marauder  
  137  14:03  Marauder  
  137  14:06  Marine x2  
  145  14:21  Missile Turret  
  145  14:31  Marine x2  
  145  14:32  Marauder  
  149  14:56  Supply Depot, Marine  
  150  15:16  Command Center  
  150  15:20  Terran Infantry Weapons Level 2  
  150  15:23  Terran Vehicle Weapons Level 2  
  150  15:26  Marine, Marauder x2, Medivac  
  150  15:28  Supply Depot  
  157  15:57  Marine  
  157  15:58  Marine, Thor  
  165  16:01  Supply Depot  
  165  16:22  Marine  
  166  16:31  Marine, Marauder x2, Medivac  
  173  16:40  Supply Depot  
  173  16:47  Marine  
  174  16:56  Marine  
  174  16:58  Siege Tank  
  178  17:01  Marauder x2  
  182  17:12  Supply Depot, Marine  
  182  17:19  Medivac  
  185  17:21  Marine  
  186  17:31  Marauder  
  188  17:42  Marine  
  188  17:46  Marine  
  188  17:49  Thor  
  196  18:01  Medivac  
  196  18:02  Command Center  
  196  18:07  Marine  
  199  18:11  Marine  
  200  18:30  Terran Infantry Armor Level 2  
  200  18:33  Terran Vehicle And Ship Armor Level 1  
  199  20:13  Unknown  
  182  21:04  Unknown  
  182  21:17  Unknown  
  182  21:49  Unknown  
Tags
 
Matchup
Co-op
Replay Pack
DaveSC2
Add a new tag
Caveats
  • Supply blocks, unpowered buildings, or Contaminate may cause inaccurate times.
  • Supply counts are checked every 10 seconds.